 Dungeon Crawl Stone Soup version 0.25-a0-930-g9f5dfa9815 (webtiles) character file.

Game seed: 14933592437035479382, levelgen mode: deterministic

86 Hasart the Insei (level 4, -1/29 HPs)
             Began as an Octopode Transmuter on May 3, 2020.
             Slain by an orc
             ... wielding a +0 club
              (6 damage)
             ... on level 2 of the Dungeon.
             The game lasted 00:02:28 (1972 turns).

Hasart the Insei (Octopode Transmuter)              Turns: 1972, Time: 00:02:29

Health: -1/29      AC:  1    Str:  9    XL:     4   Next: 50%
Magic:  1/7        EV: 14    Int: 16    God:
Gold:   59         SH:  0    Dex: 12    Spells: 1/7 levels left

rFire    . . .     SeeInvis .     - Unarmed
rCold    . . .     Gourm    .   (no shield)
rNeg     + . .     Faith    .   (helmet restricted)
rPois    .         Spirit   .   (no amulet)
rElec    .         Reflect  .   b - ring of positive energy
rCorr    .         Harm     .   (no ring)
MR       .....                  (no ring)
Stlth    ++........             (no ring)
HPRegen  0.09/turn              (no ring)
MPRegen  0.10/turn              (no ring)
                                (no ring)
                                (no ring)

@: very slightly contaminated
A: almost no armour, stealthy swim, amphibious, 8 rings, constrict 8, camouflage
1, gelatinous body 1
a: no special abilities


You were on level 2 of the Dungeon.
You were hungry.

You visited 1 branch of the dungeon, and saw 3 of its levels.

You collected 59 gold pieces.

Inventory:

Missiles
 a - 37 arrows
Jewellery
 b - a ring of positive energy (left tentacle)
Scrolls
 d - 5 scrolls of identify {unknown}
 h - a scroll of fog {unknown}
 j - a scroll of remove curse {unknown}
 k - a scroll of random uselessness {unknown}
Potions
 e - a potion of might {unknown}
 f - a potion of degeneration {unknown}
 i - 2 potions of curing {unknown}
Comestibles
 c - 2 rations


   Skills:
 + Level 2.0 Fighting
 + Level 2.6 Dodging
 * Level 4.0 Unarmed Combat
 - Level 2.0 Spellcasting
 + Level 2.7 Transmutations
 + Level 0.0 Poison Magic


You had one spell level left.
You knew the following spells:

 Your Spells              Type           Power        Failure   Level  Hunger
a - Beastly Appendage     Tmut           ##....       7%          1    #......
b - Sticks to Snakes      Tmut           ##......     11%         2    ###....
c - Spider Form           Tmut/Pois      #.........   34%         3    ###....

Your spell library contained the following spells:

 Spells                   Type           Power        Failure   Level  Hunger
 Ice Form                 Ice/Tmut       #.......     75%         4    #####..
 Blade Hands              Tmut           ##........   88%         5    ######.


Dungeon Overview and Level Annotations

Branches:
Dungeon (3/15)

Altars:


Innate Abilities, Weirdness & Mutations

You cannot wear most types of armour.
You are very stealthy in the water. (Stealth+)
You are amphibious.
You can wear up to eight rings at the same time.
You can use your tentacles to constrict eight enemies at once.
Your skin changes colour to match your surroundings (Stealth+).
Your rubbery body absorbs attacks. (AC +1, EV +1)


Message History

Your ball python bites the jackal but does no damage.
You tentacle-slap the jackal.
You kill the jackal!
You are feeling hungry.
The jackal closely misses you.
The jackal bites you but does no damage.
Your ball python closely misses the jackal.
Your ball python grabs the jackal.
Your ball python constricts the jackal.
The orc closely misses you.
Your ball python bites the ooze.
The jackal closely misses you.
You tentacle-slap the jackal but do no damage.
The jackal misses you. The ooze hits you.
* * * LOW HITPOINT WARNING * * *
Your ball python bites the jackal.
Your ball python constricts the jackal.
The jackal misses you.
Your ball python bites the ooze.
Unknown command.
You tentacle-slap the jackal but do no damage.
The jackal is moderately wounded.
The jackal misses you. The orc hits you with a +0 club.
You die...

.#....#.#.........###....#.#
.##..##.##.......## #.#.##.#
.....##.###.....## #.#.##.#
.###.##.# ##...## #.#....#
.# #.##.# ##+## #.###..#
.###.##.# #.# #.# #..#
.....^..# #.# #.###..#
.######## ##)#######......#
.....# ##.).#@h.######.##
####.# #...SJho...# #.# #.#
##...S.....# #.# #.#
##........####.#
#.#########............#
#...............#.######
###########.......#
#########


You could see an ooze, an orc, 2 jackals and 2 friendly ball pythons.

Vanquished Creatures
  Terence (D:2)
  2 adders (D:2)
  An ooze (D:2)
  A dart slug (D:2)
  2 orcs (D:2)
  A ball python (D:2)
  4 bats
  2 giant cockroaches
  4 goblins
  7 hobgoblins
  2 jackals
  2 frilled lizards (D:1)
  2 kobolds
  4 rats
35 creatures vanquished.

Notes
Turn   | Place    | Note
-------+----------+-------------------------------------------
     0 | D:1      | Hasart the Octopode Transmuter began the quest for the Orb.
     0 | D:1      | Reached XP level 1. HP: 13/13 MP: 3/3
   121 | D:1      | Reached XP level 2. HP: 17/18 MP: 5/5
   974 | D:2      | Reached XP level 3. HP: 20/23 MP: 4/6
  1268 | D:2      | Noticed Terence
  1276 | D:2      | Killed Terence
  1276 | D:2      | Reached XP level 4. HP: 25/29 MP: 5/7
  1885 | D:2      | Reached skill level 4 in Unarmed Combat
  1892 | D:2      | Learned a level 2 spell: Sticks to Snakes
  1896 | D:2      | Learned a level 3 spell: Spider Form
  1972 | D:2      | Slain by an orc

Levels and vault maps discovered:
D:1:      matt_arrival_diagonals, layout_basic
D:2:      layout_loops_corners, first_ration, uniq_terence
D:3:      layout_rooms, ebering_dispersal_statue_hall, uniq_robin

Skill      XL: |  1  2  3  4 |
---------------+-------------+-----
Fighting       | 2 |  2.0
Unarmed Combat | 4 |  4.0
Dodging        | |  2.6
Spellcasting   | |  2.0
Transmutations | |  2.7

Action                   |  1- 3 |  4- 6 || total
-------------------------+-------+-------++-------
Melee: Unarmed           |    56 |    28 ||    84
       Constrict         |    14 |     8 ||    22
       Tentacles         |    11 |     5 ||    16
       Kick              |     5 |       ||     5
       Punch             |     1 |       ||     1
 Cast: Beastly Appendage |     3 |       ||     3
       Sticks to Snakes  |       |     2 ||     2
 Stab: Sleeping          |     3 |     2 ||     5
  Eat: Chunk             |     1 |     2 ||     3
Armor: Skin              |     8 |     7 ||    15
Dodge: Dodged            |    34 |    43 ||    77

Table legend:
 A = Non-vault XP
 B = Vault XP
 C = Vault XP percentage of total XP
 D = Non-vault monster count
 E = Vault monster count
 F = Vault count percentage of total count
                 A         B        C        D         E       F
            +---------+---------+-------+---------+---------+-------
      Total |      88 |      36 |  29.0 |      34 |       1 |   2.9
            +---------+---------+-------+---------+---------+-------
        D:1 |      23 |       0 |   0.0 |      14 |       0 |   0.0
        D:2 |      62 |      36 |  36.7 |      18 |       1 |   5.3
        D:3 |       3 |       0 |   0.0 |       2 |       0 |   0.0
            +---------+---------+-------+---------+---------+-------
